TOP OF THE 1ST |
Spokane Indians batting - Pitching for Tri-City ValleyCats : LHP Mike Cobb
|
Pitching: LHP Mike Cobb
|
|
Batting: RHB Brandon Davis
|
0-0: Foul Ball, location: 2F 0-1: Ball 1-1: Ground out 6-3 (Groundball, 6, EV 110.6 MPH)
|
Batting: RHB Shoh Tanioka
|
0-0: Swinging Strike 0-1: Called Strike 0-2: Ball 1-2: Ball 2-2: Ball 3-2: Base on Balls
|
Batting: RHB Andrew Clarke
|
0-0: Called Strike 0-1: Ball 1-1: Ball 2-1: Ball 3-1: Base on Balls Shoh Tanioka to second
|
Batting: SHB David Simpson
|
0-0: Ball 1-0: Foul Ball, location: 2F 1-1: Ball 2-1: Ball 3-1: 3-RUN HOME RUN (Flyball, 7D, EV 98.8 MPH), Distance : 367 ft
|
Batting: RHB Matt Strong
|
0-0: Fly out, F4 (Popup, 34, EV 76.9 MPH)
|
Batting: RHB Lupe Covarrubias
|
0-0: Called Strike 0-1: Called Strike 0-2: Ball 1-2: Strikes out swinging
|
Top of the 1st over - 3 runs, 1 hit, 0 errors, 0 left on base; Spokane 3 - Tri-City 0 |
BOTTOM OF THE 1ST |
Tri-City ValleyCats batting - Pitching for Spokane Indians : RHP Elvis Diaz
|
Pitching: RHP Elvis Diaz
|
|
Batting: RHB Jason Monico
|
0-0: Ball 1-0: Called Strike 1-1: Fly out, F9 (Flyball, 9D, EV 80.0 MPH)
|
Batting: RHB Sam Spohn
|
0-0: Ball 1-0: Called Strike 1-1: Foul Ball, location: 2F 1-2: Ball 2-2: Strikes out swinging
|
Batting: LHB Bob Dietz
|
0-0: Called Strike 0-1: Swinging Strike 0-2: Ball 1-2: Foul Ball, location: 2F 1-2: Foul Ball, location: 2F 1-2: Ball 2-2: Fly out, F9 (Line Drive, 9, EV 94.4 MPH)
|
Bottom of the 1st over - 0 runs, 0 hits, 0 errors, 0 left on base; Spokane 3 - Tri-City 0 |
TOP OF THE 2ND |
Spokane Indians batting - Pitching for Tri-City ValleyCats : LHP Mike Cobb
|
Batting: RHB Jesse White
|
0-0: Ball 1-0: Ball 2-0: Called Strike 2-1: SOLO HOME RUN (Flyball, 7LD, EV 92.5 MPH), Distance : 337 ft
|
Batting: SHB Reagan Dudley
|
0-0: Ball 1-0: Ball 2-0: Foul Ball, location: 2F 2-1: Foul Ball, location: 2F 2-2: Strikes out looking
|
Batting: RHB Zi-jing Wang
|
0-0: Ball 1-0: Fly out, F9 (Flyball, 9S, EV 89.4 MPH)
|
Batting: RHB Brandon Davis
|
0-0: Swinging Strike 0-1: Fly out, F5 (Popup, 5L, EV 57.5 MPH)
|
Top of the 2nd over - 1 run, 1 hit, 0 errors, 0 left on base; Spokane 4 - Tri-City 0 |
BOTTOM OF THE 2ND |
Tri-City ValleyCats batting - Pitching for Spokane Indians : RHP Elvis Diaz
|
Batting: RHB Jamie Jennings
|
0-0: Swinging Strike 0-1: Foul Ball, location: 2F 0-2: Fly out, F8 (Line Drive, 8RM, EV 106.2 MPH)
|
Batting: RHB Masaru Konno
|
0-0: Called Strike 0-1: Ball 1-1: Foul Ball, location: 2F 1-2: Foul Ball, location: 2F 1-2: Foul Ball, location: 2F 1-2: Ball 2-2: Ball 3-2: Strikes out looking
|
Batting: RHB Ryan Salas
|
0-0: Ball 1-0: Ball 2-0: Ground out 4-3 (Groundball, 4D, EV 110.0 MPH)
|
Bottom of the 2nd over - 0 runs, 0 hits, 0 errors, 0 left on base; Spokane 4 - Tri-City 0 |
TOP OF THE 3RD |
Spokane Indians batting - Pitching for Tri-City ValleyCats : LHP Mike Cobb
|
Batting: RHB Shoh Tanioka
|
0-0: Ball 1-0: Foul Ball, location: 2F 1-1: Foul Ball, location: 2F 1-2: Foul Ball, location: 2F 1-2: Foul Ball, location: 2F 1-2: Ball 2-2: DOUBLE (Line Drive, 9LD, EV 103.1 MPH)
|
Batting: RHB Andrew Clarke
|
0-0: Ball 1-0: Foul Ball, location: 2F 1-1: Ball 2-1: Ground out 6-3 (Groundball, 6S, EV 73.8 MPH) Shoh Tanioka to third
|
Batting: SHB David Simpson
|
0-0: Ball 1-0: Ball 2-0: Swinging Strike 2-1: Foul Ball, location: 2F 2-2: Ball 3-2: Base on Balls
|
Batting: RHB Matt Strong
|
0-0: Called Strike 0-1: Ball 1-1: SINGLE (Groundball, 56D, EV 100.6 MPH) Shoh Tanioka scores David Simpson to second
|
Batting: RHB Lupe Covarrubias
|
0-0: Ball 1-0: Ball 2-0: Ball 3-0: Base on Balls David Simpson to third Matt Strong to second
|
Batting: RHB Jesse White
|
0-0: Called Strike 0-1: Ball 1-1: Called Strike 1-2: Ball 2-2: Ball 3-2: SINGLE (Line Drive, 4MD, EV 95.6 MPH) David Simpson scores Matt Strong to third Lupe Covarrubias to second
|
Batting: SHB Reagan Dudley
|
0-0: Swinging Strike 0-1: Ball 1-1: Ball 2-1: Called Strike 2-2: Foul Ball, location: 2F 2-2: Fielders Choice at 2nd, 4-6 (Groundball, 4M, EV 81.2 MPH) Matt Strong scores Lupe Covarrubias to third
|
Batting: RHB Zi-jing Wang
|
0-0: Called Strike 0-1: Ball 1-1: Called Strike 1-2: Ball 2-2: Strikes out swinging
|
Top of the 3rd over - 3 runs, 3 hits, 0 errors, 2 left on base; Spokane 7 - Tri-City 0 |
BOTTOM OF THE 3RD |
Tri-City ValleyCats batting - Pitching for Spokane Indians : RHP Elvis Diaz
|
Batting: RHB Jorge Gutierrez
|
0-0: SOLO HOME RUN (Flyball, 7D, EV 98.8 MPH), Distance : 355 ft
|
Batting: RHB Bobby Dunn
|
0-0: Ground out 4-3 (Groundball, 4, EV 99.4 MPH)
|
Batting: LHB Jackson Trottier
|
0-0: Called Strike 0-1: SINGLE (Groundball, 6D, EV 101.2 MPH)
|
Batting: RHB Jason Monico
|
0-0: Foul Ball, location: 2F 0-1: Swinging Strike 0-2: Ball 1-2: Fielders Choice at 2nd, 5-4 (Groundball, 5, EV 108.8 MPH)
|
Batting: RHB Sam Spohn
|
0-0: Ball 1-0: Ball 2-0: Foul Ball, location: 2F 2-1: Hit by Pitch Jason Monico to second
|
Batting: LHB Bob Dietz
|
0-0: Called Strike 0-1: DOUBLE (Flyball, 78D, EV 104.4 MPH) Jason Monico scores Sam Spohn to third Runner from 3rd tries for Home, throw by CF and OUT! 8-2
|
Bottom of the 3rd over - 2 runs, 3 hits, 0 errors, 1 left on base; Spokane 7 - Tri-City 2 |
TOP OF THE 4TH |
Spokane Indians batting - Pitching for Tri-City ValleyCats : LHP Mike Cobb
|
Batting: RHB Brandon Davis
|
0-0: Called Strike 0-1: Ball 1-1: Ball 2-1: Swinging Strike 2-2: Foul Ball, location: 2F 2-2: Ball 3-2: Foul Ball, location: 2F 3-2: Ground out 6-3 (Groundball, 6M, EV 106.9 MPH)
|
Pitching: LHP T.J. Westover
|
|
Batting: RHB Shoh Tanioka
|
0-0: Called Strike 0-1: Called Strike 0-2: Ball 1-2: Ground out 6-3 (Groundball, 6S, EV 86.2 MPH)
|
Batting: RHB Andrew Clarke
|
0-0: Ball 1-0: Ball 2-0: Swinging Strike 2-1: Ball 3-1: SINGLE (Line Drive, 89S, EV 91.2 MPH)
|
Batting: SHB David Simpson
|
0-0: Foul Ball, location: 2F 0-1: Swinging Strike 0-2: 2-RUN HOME RUN (Flyball, 7D, EV 95.6 MPH), Distance : 368 ft
|
Batting: RHB Matt Strong
|
0-0: Foul Ball, location: 2F 0-1: Ball 1-1: Swinging Strike 1-2: Ball 2-2: Ball 3-2: Fly out, F8 (Flyball, 8LXD, EV 100.6 MPH)
|
Top of the 4th over - 2 runs, 2 hits, 0 errors, 0 left on base; Spokane 9 - Tri-City 2 |
BOTTOM OF THE 4TH |
Tri-City ValleyCats batting - Pitching for Spokane Indians : RHP Elvis Diaz
|
Batting: RHB Jamie Jennings
|
0-0: Ball 1-0: Called Strike 1-1: Ball 2-1: Fly out, F9 (Flyball, 9LD, EV 95.0 MPH)
|
Batting: RHB Masaru Konno
|
0-0: Foul Ball, location: 2F 0-1: Swinging Strike 0-2: Ball 1-2: Strikes out swinging, 2-3 out at first.
|
Batting: RHB Ryan Salas
|
0-0: Called Strike 0-1: Called Strike 0-2: Strikes out looking
|
Bottom of the 4th over - 0 runs, 0 hits, 0 errors, 0 left on base; Spokane 9 - Tri-City 2 |
TOP OF THE 5TH |
Spokane Indians batting - Pitching for Tri-City ValleyCats : LHP T.J. Westover
|
Batting: RHB Lupe Covarrubias
|
0-0: Ball 1-0: Ball 2-0: Foul Ball, location: 2F 2-1: Ball 3-1: Base on Balls
|
Batting: RHB Jesse White
|
0-0: Ball 1-0: Ball 2-0: Ball 3-0: Base on Balls Lupe Covarrubias to second
|
Batting: SHB Reagan Dudley
|
0-0: Called Strike 0-1: Ball 1-1: Foul Ball, location: 2F 1-2: Ball 2-2: Foul Ball, location: 2F 2-2: Ball 3-2: Foul Ball, location: 2F 3-2: 3-RUN HOME RUN (Flyball, 7D, EV 93.8 MPH), Distance : 354 ft
|
Pitching: RHP Mike Koch
|
|
Batting: RHB Zi-jing Wang
|
0-0: Ball 1-0: Ball 2-0: Foul Ball, location: 2F 2-1: Ball 3-1: Base on Balls
|
Batting: RHB Brandon Davis
|
0-0: Called Strike 0-1: Ball 1-1: Ball 2-1: Swinging Strike 2-2: Ball 3-2: Base on Balls Zi-jing Wang to second
|
Batting: RHB Shoh Tanioka
|
0-0: Ball 1-0: SINGLE (Groundball, 56, EV 98.1 MPH) Zi-jing Wang to third Brandon Davis to second
|
Batting: RHB Andrew Clarke
|
0-0: Ball 1-0: Swinging Strike 1-1: Ball Wild Pitch! Zi-jing Wang scores Brandon Davis to third Shoh Tanioka to second 2-1: Foul Ball, location: 2F 2-2: Ball 3-2: Fly out, F8 (Flyball, 8RD, EV 99.4 MPH) Runner from 3rd tags up, SCORES, throw by CF
|
Batting: SHB David Simpson
|
0-0: Foul Ball, location: 2F 0-1: Ball 1-1: Ball 2-1: Ball Wild Pitch! Shoh Tanioka to third 3-1: Base on Balls
|
Batting: RHB Matt Strong
|
0-0: Called Strike 0-1: Called Strike 0-2: Foul Ball, location: 2F 0-2: Ball 1-2: TRIPLE (Flyball, 89XD, EV 92.5 MPH) Shoh Tanioka scores David Simpson scores
|
Pitching: RHP Jordan Williams
|
|
Batting: RHB Lupe Covarrubias
|
0-0: Called Strike Balk! Matt Strong scores 0-1: TRIPLE (Flyball, 9D, EV 102.5 MPH)
|
Batting: RHB Jesse White
|
0-0: Ball 1-0: Foul Ball, location: 2F 1-1: DOUBLE (Groundball, 5L, EV 101.2 MPH) Lupe Covarrubias scores
|
Batting: SHB Reagan Dudley
|
0-0: Ball Wild Pitch! Jesse White to third 1-0: Ball 2-0: Ball 3-0: Called Strike 3-1: Called Strike 3-2: Foul Ball, location: 2F 3-2: 2-RUN HOME RUN (Flyball, 7D, EV 94.4 MPH), Distance : 356 ft
|
Batting: RHB Zi-jing Wang
|
0-0: Ball 1-0: Foul Ball, location: 2F 1-1: Ball 2-1: Foul Ball, location: 2F 2-2: Foul Ball, location: 2F 2-2: Foul Ball, location: 2F 2-2: Ball 3-2: Foul Ball, location: 2F 3-2: Base on Balls
|
Batting: RHB Brandon Davis
|
0-0: Called Strike 0-1: Called Strike 0-2: Ball 1-2: Foul Ball, location: 2F 1-2: Ball 2-2: Ball 3-2: Base on Balls Zi-jing Wang to second
|
Batting: RHB Shoh Tanioka
|
0-0: Ball 1-0: Ball Balk! Zi-jing Wang to third Brandon Davis to second 2-0: Ball 3-0: Base on Balls
|
Batting: RHB Andrew Clarke
|
0-0: Foul Ball, location: 2F 0-1: Ball 1-1: Foul Ball, location: 2F 1-2: Ball Wild Pitch! Zi-jing Wang scores Brandon Davis to third Shoh Tanioka to second 2-2: Ground out 6-3 (Groundball, 6, EV 105.0 MPH) Brandon Davis scores
|
Pitching: LHP Lou Toth
|
|
Batting: SHB David Simpson
|
0-0: Ball 1-0: Called Strike 1-1: Swinging Strike 1-2: Ball 2-2: Ball 3-2: Base on Balls
|
Batting: RHB Matt Strong
|
0-0: Called Strike 0-1: Ball 1-1: Ball 2-1: Swinging Strike Balk! Shoh Tanioka to third David Simpson to second 2-2: Ball 3-2: 3-RUN HOME RUN (Flyball, 7D, EV 95.0 MPH), Distance : 360 ft
|
Batting: RHB Lupe Covarrubias
|
0-0: Ball 1-0: Ball 2-0: Swinging Strike 2-1: Ball 3-1: SINGLE (Line Drive, 8RM, EV 90.6 MPH)
|
Batting: RHB Jesse White
|
0-0: SINGLE (Flyball, 5D, EV 91.2 MPH) Lupe Covarrubias to second
|
Batting: SHB Reagan Dudley
|
0-0: Fly out, F9 (Flyball, 9, EV 93.1 MPH)
|
Top of the 5th over - 16 runs, 9 hits, 0 errors, 2 left on base; Spokane 25 - Tri-City 2 |
BOTTOM OF THE 5TH |
Tri-City ValleyCats batting - Pitching for Spokane Indians : RHP Elvis Diaz
|
Batting: RHB Jorge Gutierrez
|
0-0: Called Strike 0-1: Called Strike 0-2: Strikes out swinging
|
Batting: RHB Bobby Dunn
|
0-0: Ball 1-0: Called Strike 1-1: Called Strike 1-2: Ball 2-2: Ball 3-2: Foul Ball, location: 2F 3-2: Strikes out swinging
|
Batting: LHB Jackson Trottier
|
0-0: Called Strike 0-1: Ball 1-1: Ball 2-1: Foul Ball, location: 2F 2-2: Strikes out looking
|
Bottom of the 5th over - 0 runs, 0 hits, 0 errors, 0 left on base; Spokane 25 - Tri-City 2 |
TOP OF THE 6TH |
Spokane Indians batting - Pitching for Tri-City ValleyCats : LHP Lou Toth
|
Batting: RHB Zi-jing Wang
|
0-0: Called Strike 0-1: Foul Ball, location: 2F 0-2: Ball 1-2: Ball 2-2: Ball 3-2: TRIPLE (Groundball, 3L, EV 102.5 MPH)
|
Batting: RHB Brandon Davis
|
0-0: Called Strike 0-1: Ball 1-1: Ball 2-1: Swinging Strike 2-2: Foul Ball, location: 2F 2-2: Foul Ball, location: 2F 2-2: DOUBLE (Line Drive, 7LM, EV 94.4 MPH) Zi-jing Wang scores
|
Batting: RHB Shoh Tanioka
|
0-0: Ball 1-0: Ball 2-0: Ball 3-0: Called Strike 3-1: Called Strike 3-2: Reached on error, E5 (Groundball, 56S, EV 83.8 MPH) Brandon Davis scores
|
Batting: RHB Andrew Clarke
|
0-0: Ball Balk! Shoh Tanioka to third 1-0: Ball 2-0: Ball 3-0: Called Strike 3-1: Foul Ball, location: 2F 3-2: Base on Balls
|
Pitching: RHP Salvador Gomez
|
|
Batting: SHB David Simpson
|
0-0: Ball Wild Pitch! Shoh Tanioka scores Andrew Clarke to second 1-0: Ground out 4-3 (Groundball, 4, EV 101.2 MPH) Andrew Clarke to third
|
Batting: RHB Matt Strong
|
0-0: Ball 1-0: SINGLE (Groundball, 4MD, EV 108.8 MPH) Andrew Clarke scores
|
Batting: RHB Lupe Covarrubias
|
0-0: Ball 1-0: Called Strike 1-1: Foul Ball, location: 2F 1-2: Ball 2-2: Foul Ball, location: 2F 2-2: Ball 3-2: Base on Balls Matt Strong to second
|
Batting: RHB Jesse White
|
0-0: Called Strike 0-1: Ball 1-1: Swinging Strike 1-2: Ball 2-2: Grounds into double play, 5-4-3 (Groundball, 5, EV 85.0 MPH)
|
Top of the 6th over - 4 runs, 3 hits, 1 error, 1 left on base; Spokane 29 - Tri-City 2 |
BOTTOM OF THE 6TH |
Tri-City ValleyCats batting - Pitching for Spokane Indians : RHP Elvis Diaz
|
Batting: RHB Jason Monico
|
0-0: SINGLE (Groundball, P, EV 90.6 MPH) (infield hit)
|
Batting: RHB Sam Spohn
|
0-0: Ball 1-0: Ball Jason Monico steals 2nd base (no throw) 2-0: Ball 3-0: Ground out 5-3 (Groundball, 5, EV 103.1 MPH)
|
Batting: LHB Bob Dietz
|
0-0: Ball 1-0: Swinging Strike 1-1: Called Strike 1-2: Strikes out swinging
|
Batting: RHB Jamie Jennings
|
0-0: Called Strike 0-1: Ball 1-1: Ball 2-1: Swinging Strike 2-2: Foul Ball, location: 2F 2-2: Foul Ball, location: 2F 2-2: Foul Ball, location: 2F 2-2: Strikes out looking
|
Bottom of the 6th over - 0 runs, 1 hit, 0 errors, 1 left on base; Spokane 29 - Tri-City 2 |
TOP OF THE 7TH |
Spokane Indians batting - Pitching for Tri-City ValleyCats : RHP Salvador Gomez
|
Pinch Hitting: RHB Jerry Garcez
|
0-0: Ball 1-0: Ball 2-0: SINGLE (Groundball, 56, EV 109.4 MPH) (infield hit)
|
Batting: RHB Zi-jing Wang
|
0-0: Called Strike 0-1: Ball 1-1: Swinging Strike 1-2: Foul Ball, location: 2F 1-2: SINGLE (Groundball, 4, EV 104.4 MPH) Jerry Garcez to second
|
Pinch Hitting: RHB Matt Wheaton
|
0-0: Ball Balk! Jerry Garcez to third Zi-jing Wang to second 1-0: Ball 2-0: Called Strike 2-1: Ground out 4-3 (Groundball, 4, EV 110.6 MPH) Jerry Garcez scores Zi-jing Wang to third
|
Pinch Hitting: LHB Takeo Nishiguchi
|
0-0: Foul Ball, location: 2F 0-1: Ground out U3 (Groundball, 3, EV 105.0 MPH)
|
Batting: RHB Andrew Clarke
|
0-0: Called Strike 0-1: Ground out U3 (Groundball, 3, EV 90.0 MPH)
|
Top of the 7th over - 1 run, 2 hits, 0 errors, 1 left on base; Spokane 30 - Tri-City 2 |
BOTTOM OF THE 7TH |
Tri-City ValleyCats batting - Pitching for Spokane Indians : RHP Elvis Diaz
|
Pitching: RHP Jim Canady
|
|
Now at 3B: Takeo Nishiguchi
|
|
Now at SS: Jerry Garcez
|
|
Now in LF: Matt Wheaton
|
|
Now in CF: Zi-jing Wang
|
|
Batting: RHB Masaru Konno
|
0-0: Ball 1-0: Foul Ball, location: 2F 1-1: Called Strike 1-2: Ball 2-2: Foul Ball, location: 2F 2-2: Strikes out swinging
|
Pitching: RHP Toby Williams
|
|
Batting: RHB Ryan Salas
|
0-0: SINGLE (Groundball, 4MD, EV 98.1 MPH)
|
Batting: RHB Jorge Gutierrez
|
0-0: Ball 1-0: Ball 2-0: DOUBLE (Line Drive, 89M, EV 93.8 MPH) Ryan Salas to third
|
Batting: RHB Bobby Dunn
|
0-0: Called Strike 0-1: Swinging Strike 0-2: Strikes out swinging
|
Batting: LHB Jackson Trottier
|
0-0: Ground out 6-3 (Groundball, 6, EV 89.4 MPH)
|
Bottom of the 7th over - 0 runs, 2 hits, 0 errors, 2 left on base; Spokane 30 - Tri-City 2 |
TOP OF THE 8TH |
Spokane Indians batting - Pitching for Tri-City ValleyCats : RHP Salvador Gomez
|
Batting: SHB David Simpson
|
0-0: Foul Ball, location: 2F 0-1: Ball 1-1: Ball 2-1: Ball 3-1: Called Strike 3-2: Foul Ball, location: 2F 3-2: Base on Balls
|
Pitching: LHP Chris McGrath
|
|
Pinch Hitting: RHB Dongdo-pa Mai
|
0-0: Ball Balk! David Simpson to second 1-0: Called Strike 1-1: Ball 2-1: Foul Ball, location: 2F 2-2: Fly out, F8 (Flyball, 8RXD, EV 98.8 MPH) Runner from 2nd tags up, SAFE at 3rd, no throw by CF
|
Pinch Hitting: RHB David Reyna
|
0-0: Ball 1-0: Ball 2-0: Ball 3-0: Called Strike 3-1: Base on Balls
|
Batting: RHB Jesse White
|
0-0: Ball 1-0: Called Strike 1-1: Grounds into double play, 4-6-3 (Groundball, 4, EV 101.9 MPH)
|
Top of the 8th over - 0 runs, 0 hits, 0 errors, 1 left on base; Spokane 30 - Tri-City 2 |
BOTTOM OF THE 8TH |
Tri-City ValleyCats batting - Pitching for Spokane Indians : RHP Toby Williams
|
Now at C: David Reyna
|
|
Now in RF: Dongdo-pa Mai
|
|
Batting: RHB Jason Monico
|
0-0: Ball 1-0: Ground out 5-3 (Groundball, 5S, EV 68.8 MPH)
|
Batting: RHB Sam Spohn
|
0-0: Foul Ball, location: 2F 0-1: Ball 1-1: Ball 2-1: Swinging Strike 2-2: Strikes out swinging
|
Batting: LHB Bob Dietz
|
0-0: Called Strike 0-1: Foul Ball, location: 2F 0-2: TRIPLE (Flyball, 78XD, EV 87.5 MPH)
|
Batting: RHB Jamie Jennings
|
0-0: Swinging Strike 0-1: Foul Ball, location: 2F 0-2: Foul Ball, location: 2F 0-2: Ball 1-2: Strikes out swinging
|
Bottom of the 8th over - 0 runs, 1 hit, 0 errors, 1 left on base; Spokane 30 - Tri-City 2 |
TOP OF THE 9TH |
Spokane Indians batting - Pitching for Tri-City ValleyCats : LHP Chris McGrath
|
Batting: RHB Jerry Garcez
|
0-0: Ball 1-0: Ball 2-0: Ground out 6-3 (Groundball, 6, EV 89.4 MPH)
|
Batting: RHB Zi-jing Wang
|
0-0: Ball 1-0: Called Strike 1-1: Foul Ball, location: 2F 1-2: Foul Ball, location: 2F 1-2: SINGLE (Groundball, 4, EV 105.6 MPH)
|
Pitching: RHP Workneh Lagat
|
|
Batting: RHB Matt Wheaton
|
0-0: Ball 1-0: Called Strike 1-1: Called Strike 1-2: Foul Ball, location: 2F 1-2: Foul Ball, location: 2F 1-2: Ground out 5-3 (Groundball, 56S, EV 68.8 MPH) Zi-jing Wang to second
|
Batting: LHB Takeo Nishiguchi
|
0-0: Called Strike 0-1: SINGLE (Groundball, 56, EV 94.4 MPH) Zi-jing Wang to third
|
Batting: RHB Andrew Clarke
|
0-0: Ball 1-0: Ball 2-0: Foul Ball, location: 2F 2-1: Called Strike 2-2: Fly out, F7 (Flyball, 7LM, EV 98.8 MPH)
|
Top of the 9th over - 0 runs, 2 hits, 0 errors, 2 left on base; Spokane 30 - Tri-City 2 |
BOTTOM OF THE 9TH |
Tri-City ValleyCats batting - Pitching for Spokane Indians : RHP Toby Williams
|
Batting: RHB Masaru Konno
|
0-0: Ball 1-0: Ground out 5-3 (Groundball, 56S, EV 86.2 MPH)
|
Batting: RHB Ryan Salas
|
0-0: Called Strike 0-1: SINGLE (Line Drive, 4M, EV 103.8 MPH)
|
Batting: RHB Jorge Gutierrez
|
0-0: Swinging Strike 0-1: Ball 1-1: Foul Ball, location: 2F 1-2: Foul Ball, location: 2F 1-2: Strikes out swinging
|
Batting: RHB Bobby Dunn
|
0-0: Called Strike 0-1: Ball 1-1: Foul Ball, location: 2F 1-2: Strikes out looking
|
Bottom of the 9th over - 0 runs, 1 hit, 0 errors, 1 left on base; Spokane 30 - Tri-City 2 |
|